 Dungeon Crawl Stone Soup version 0.18-a0-1570-gf60b0ab (webtiles) character file.

247351 nubinia the Sorcerer (level 18, 102/104 HPs)
             Began as a High Elf Air Elementalist on Jan 6, 2016.
             Was the Champion of Vehumet.
             Quit the game on level 13 of the Dungeon on Mar 14, 2016.
             The game lasted 07:52:39 (54262 turns).

nubinia the Sorcerer (High Elf Air Elementalist)   Turns: 54262, Time: 07:52:40

Health: 102/104    AC: 26    Str: 16    XL:     18   Next: 82%
Magic:  45/45      EV: 20    Int: 25    God:    Vehumet [******]
Gold:   1581       SH:  0    Dex: 26    Spells: 17 memorised, 5 levels left

rFire  . . .     SeeInvis .     K - +8 short sword of Contention {venom, MR+}
rCold  + . .     Gourm    .     u - +1 leather armour of Bifikhy {rN+ Dex+7}
rNeg   + + .     Faith    .     (no shield)
rPois  +         Spirit   .     j - +2 hat
rElec  +         Dismiss  .     q - +2 cloak {MR+}
rCorr  .         Reflect  .     P - +2 pair of gloves {Str+3}
SustAt .         Harm     .     (no boots)
MR     +++..                    S - macabre finger necklace {rN+}
Stlth  +++.......               I - +4 ring of protection
                                O - +6 ring of protection
                                k - ring "Walaig" {+Fly rElec rC+ Str+4}

@: delayed fireball, extremely resistant to hostile enchantments, fairly
stealthy
A: talons 1, rough black scales 1, poison resistance, strong 1
a: Renounce Religion, Release Delayed Fireball, Evoke Flight
}: 2/15 runes: barnacled, gossamer


You were on level 13 of the Dungeon.
You worshipped Vehumet.
Vehumet was exalted by your worship.
You were not hungry.

You visited 7 branches of the dungeon, and saw 36 of its levels.

You collected 3825 gold pieces.
You spent 2244 gold pieces at shops.

Inventory:

Hand Weapons
 a - a +2 dagger of protection
 b - a +4 shortbow of electrocution
 K - the +8 short sword of Contention (weapon) {venom, MR+}
   (You took it off an orc on level 13 of the Dungeon)

   It poisons the flesh of those it strikes.
   It affects your resistance to hostile enchantments.
Missiles
 o - 520 arrows
Armour
 j - a +2 hat (worn)
 q - a +2 cloak of magic resistance (worn)
 u - the +1 leather armour of Bifikhy (worn) {rN+ Dex+7}
   (You bought it in a shop on level 2 of the Orcish Mines)

   It affects your dexterity (+7).
   It protects you from negative energy.
 P - a +2 pair of gloves of strength (worn)
Jewellery
 k - the ring "Walaig" (on amulet) {+Fly rElec rC+ Str+4}
   (You bought it in a shop on level 2 of the Orcish Mines)

   [ring of flight]

   It affects your strength (+4).
   It protects you from cold.
   It insulates you from electricity.
   It lets you fly.
 z - the ring "Lyaruita" {*Tele rPois Int+7 SInv Stlth-}
   (You found it on level 3 of the Elven Halls)

   [ring of teleportation]

   It may teleport you next to monsters.
   It affects your intelligence (+7).
   It protects you from poison.
   It lets you see invisible.
   It makes you less stealthy.
 E - an uncursed ring of positive energy
 G - the amulet of the Gloaming {Inacc rN+ Int-4 SInv}
   (You found it on level 3 of the Elven Halls)

   [amulet of inaccuracy]

   It reduces the accuracy of all your attacks.
   It affects your intelligence (-4).
   It protects you from negative energy.
   It lets you see invisible.
 I - a +4 ring of protection (right hand)
 O - a +6 ring of protection (left hand)
 R - an uncursed ring of sustain attributes
 S - the macabre finger necklace (around neck) {rN+}
   (You took it off a siren on level 4 of the Shoals)

   [amulet of nothing]

   It protects you from negative energy.
Wands
 f - a wand of acid (0/15)
 v - a wand of acid (10/15)
 y - a wand of disintegration (4/24)
 C - a wand of hasting (2/9)
 D - a wand of disintegration (18/24)
 F - a wand of iceblast (0/15)
 Q - a wand of lightning (6/15)
 T - a wand of disintegration (4/24)
 U - a wand of lightning (11/15)
 V - a wand of teleportation (4/9)
 W - a wand of hasting (2/9)
 X - a wand of digging (16/24)
Scrolls
 g - 2 scrolls of magic mapping
 h - 2 scrolls of enchant weapon
 m - 5 scrolls of fear
 n - 2 scrolls of identify
 t - 10 scrolls of blinking
 A - 8 scrolls of remove curse
 H - 2 scrolls of enchant armour
 L - 7 scrolls of teleportation
 N - 3 scrolls of fog
 Y - 3 scrolls of recharging
Potions
 d - a potion of heal wounds
 e - a potion of magic
 i - 13 potions of curing
 l - a potion of cure mutation
 p - 3 potions of might
 r - 5 potions of flight
 s - 4 potions of agility
 w - a potion of invisibility
 x - 5 potions of haste
 B - 3 potions of ambrosia
 J - 3 potions of berserk rage
 M - 2 potions of resistance
Books
 Z - a book of Alchemy

   Spells                             Type                      Level
   a - Sublimation of Blood           Necromancy                   2
   b - Ignite Poison                  Fire/Transmutation/Poison    3
   c - Petrify                        Transmutation/Earth          4
   d - Alistair's Intoxication        Transmutation/Poison         5
   e - Irradiate                      Conjuration/Transmutation    5
Comestibles
 c - 16 bread rations


   Skills:
 + Level 3.4 Fighting
 + Level 2.0 Short Blades
   Level 0.8(1.0) Maces & Flails
   Level 1.0(1.2) Staves
 + Level 2.4 Bows
 + Level 0.2 Throwing
 + Level 2.1 Armour
 + Level 7.5 Dodging
 + Level 5.1 Stealth
 + Level 22.4 Spellcasting
 * Level 14.1 Conjurations
 + Level 7.0 Charms
 + Level 7.5 Summonings
 + Level 1.9 Necromancy
 * Level 4.2 Fire Magic
 + Level 1.8 Ice Magic
 + Level 20.4 Air Magic
 + Level 0.2 Evocations


You had 5 spell levels left.
You knew the following spells:

 Your Spells              Type           Power        Failure   Level  Hunger
a - Shock                 Conj/Air       ####         0%          1    None
b - Airstrike             Air            #######...   0%          4    None
c - Static Discharge      Conj/Air       #######.     0%          3    None
d - Flame Tongue          Conj/Fire      #####        1%          1    None
e - Lightning Bolt        Conj/Air       #######...   1%          5    None
f - Swiftness             Chrm/Air       #######.     0%          2    None
g - Summon Lightning Spi  Summ/Air       #######.     1%          4    None
h - Magic Dart            Conj           ####         0%          1    None
i - Deflect Missiles      Chrm/Air       #######...   1%          6    None
j - Fireball              Conj/Fire      ######....   1%          5    None
k - Freezing Cloud        Conj/Ice/Air   ######....   1%          6    None
l - Spellforged Servitor  Conj/Summ      ######....   5%          7    ####...
m - Apportation           Tloc           ####......   1%          1    None
n - Summon Butterflies    Summ           ######..     1%          1    None
o - Bolt of Fire          Conj/Fire      ######....   2%          6    None
p - Delayed Fireball      Conj/Fire      N/A          11%         7    ####...
S - Animate Skeleton      Necr           N/A          1%          1    None


Dungeon Overview and Level Annotations

Branches:
Dungeon (14/15)            Temple (1/1) D:6            Lair (8/8) D:8
 Shoals (4/4) Lair:5       Spider (4/4) Lair:4          Orc (2/2) D:9
    Elf (3/3) Orc:2
  Slime: Lair:6-8    Vaults: D:13-14

Altars:
Ashenzari
Cheibriados
Dithmenos
Elyvilon
Fedhas
Gozag
Kikubaaqudgha
Makhleb
Nemelex Xobeh
Okawaru
Pakellas
Qazlal
Ru
Sif Muna
Trog
Vehumet
Xom
Yredelemnul
Zin
The Shining One
Beogh

Shops:
D:4 [:(   Orc:2 ([[}=:*[:

Annotations:
D:3 namelastname112's ghost, amateur DrFE
D:8 Erica
Lair:6 exclusion: 3 oklob plants


Innate Abilities, Weirdness & Mutations

You have sharp toenails.
You are partially covered in rough black scales (AC +4, Dex -1).
Your system is resistant to poisons.
Your muscles are strong. (Str +2)


Message History

Your orc skeleton hits the slime creature with an ebony short sword {venom}!
The slime creature looks even sicker.
You hit the slime creature.
You kill the slime creature!
Vehumet accepts your kill.
You feel your power returning.
You start resting.
Your orc skeleton crumbles into dust!
Magic restored.
Things that are here:
an ebony short sword {venom}; a shiny scale mail
K - an ebony short sword {venom} Wield which item (- for none, * to show all)? (? for menu, Esc to quit)
You feel less protected.
It begins to drip with poison!
K - the +8 short sword of Contention (weapon)
{venom, MR+} Saving game... please wait.
Welcome back, nubinia the High Elf Air Elementalist.
Vehumet says: Let it end in hellfire!
Press ? for a list of commands and other information.
Are you sure you want to abandon this character and quit the game? (Confirm with "yes".)

.# #...)...## ##............. ##
#.....### #.............. #
###.)## #.............. #..)#
##............. ##[)##
##............ #...#
###.........# ##).# ###>......#
#..####### ###....## #
##..##.@%#######...#### #
#..#..ZZ....#....## ##
##.............### .#
#..............## .##
#...............##### ..#
###................##.## ..##
###...#.........).....#..#
...#####.[....#....)....<..?#..##
)..##.(................[...#..)#


You could see a friendly ice dragon skeleton and a friendly orc skeleton.

Vanquished Creatures
  Nikola (Spider:1)
  The ghost of braks the Fencer, an adept FoAK of Lugonu (Shoals:4)
  A deep elf blademaster (Elf:3)
  2 deep elf master archers (Elf:3)
  Agnes (Elf:1)
  The ghost of Daviar the Brawler, an adept VSMo of Ru (Shoals:4)
  2 tengu reavers (D:13)
  Ilsuiw (Shoals:4)
  Maud (Lair:5)
  3 deep elf sorcerers (Elf:3)
  3 ghost moths (Spider:4)
  An orc warlord (Orc:2)
  3 deep elf elementalists (Elf:3)
  An emperor scorpion (Spider:4)
  A stone giant (Orc:2)
  5 deep elf demonologists
  A deep elf annihilator (Elf:3)
  3 spark wasps (Spider:4)
  3 merfolk javelineers
  7 deep elf death magi
  A deep elf high priest (Elf:3)
  6 merfolk impalers
  4 entropy weavers
  An ice dragon (D:13)
  6 hydras
  A rakshasa (D:12)
  A merfolk avatar (Shoals:4)
  A catoblepas (D:13)
  A centaur warrior (D:13)
  9 death yaks
  28 dancing weapons
  2 tengu warriors (D:13)
  An orc high priest (Elf:2)
  15 deep elf knights
  4 sea snakes
  3 unseen horrors
  8 deep elf archers
  3 hill giants
  A phantasmal warrior (D:13)
  An obsidian statue (D:12)
  11 orb spiders
  30 deep elf magi
  2 ugly things (D:12)
  5 harpies
  9 griffons
  5 manticores
  3 fauns (Shoals:3)
  6 orc sorcerers
  16 wolf spiders
  2 cyclopes
  A moth of wrath (Spider:3)
  A water nymph (Shoals:3)
  5 hornets
  10 sirens
  2 elephants (Lair:8)
  A sixfirhy (D:12)
  A torpor snail (Lair:8)
  Psyche (D:8)
  9 spiny frogs
  4 black mambas
  4 gargoyles
  3 orange demons (D:12)
  14 demonic crawlers
  2 rime drakes
  5 komodo dragons
  A wind drake (Shoals:4)
  10 merfolk
  10 jumping spiders
  3 two-headed ogres
  A two-headed ogre (shapeshifter) (Elf:3)
  2 slime creatures (D:13)
  7 snapping turtles
  14 blink frogs
  2 removed
  MONS_TRAPDOOR_SPIDERs (Spider:1)
  Grinder (D:6)
  Eustachio (D:6)
  37 redbacks
  2 air elementals
  17 tarantellas
  10 water elementals
  37 yaks
  3 basilisks
  A wyvern (D:10)
  5 fire elementals
  A human (D:11)
  Grum (D:8)
  A chaos spawn (D:12)
  8 vampire mosquitoes (D:13)
  A hungry ghost (D:11)
  Edmund (D:5)
  9 hippogriffs
  3 wolves
  4 large abominations
  9 water moccasins
  Duvessa (D:5)
  6 porcupines
  2 ice beasts
  10 orc warriors
  3 wasps
  3 black bears
  2 phantoms (D:13)
  4 sky beasts
  3 ogres
  8 centaurs
  10 crocodiles
  2 big kobolds (D:13)
  19 giant frogs
  2 earth elementals
  A gnoll sergeant (D:10)
  A wyvern skeleton (D:8)
  Dowan (D:5)
  A scorpion (D:4)
  23 killer bees
  5 wights (D:7)
  8 electric eels
  9 crimson imps
  4 centaur zombies
  A quasit (D:10)
  3 hounds
  7 jellies
  22 orc wizards
  11 orc priests
  Crazy Yiuf (D:5)
  2 centaur skeletons
  A giant frog skeleton (D:11)
  3 iron imps (D:12)
  Jessica (D:3)
  Ijyb (D:3)
  9 iguanas
  8 worker ants
  Natasha (thrice) (D:3)
  A killer bee zombie (D:5)
  8 sheep
  A hound zombie (D:5)
  2 worker ant zombies
  Robin (D:4)
  11 gnolls
  11 adders
  25 river rats
  5 shadow imps
  3 white imps (D:12)
  An ufetubus (D:12)
  9 oozes (Lair:5)
  3 adder skeletons
  2 worms (D:4)
  5 giant geckos
  81 orcs
  2 ball pythons
  4 bats
  7 giant cockroaches
  13 goblins
  6 hobgoblins
  10 jackals
  8 quokkas
  4 giant newts
  A jackal skeleton (D:5)
  15 kobolds
  A quokka skeleton (D:7)
  A quokka zombie (D:9)
  4 rats
  3 fungi
  5 plants
947 creatures vanquished.

Vanquished Creatures (collateral kills)
  A kraken (Shoals:2)
  The ghost of M4edhros the Unseen, an adept OpAr of Fedhas (Orc:2)
  Roxanne (Spider:1)
  An orc warlord (Orc:2)
  An emperor scorpion (Spider:4)
  2 deep elf elementalists (Elf:3)
  2 deep elf annihilators (Elf:3)
  A deep elf death mage (Elf:3)
  3 merfolk javelineers
  A deep elf high priest (Elf:3)
  2 merfolk impalers
  3 hydras
  2 alligator snapping turtles
  6 merfolk aquamancers
  2 death yaks (Lair:8)
  A satyr (Shoals:3)
  2 orc high priests (Orc:2)
  8 deep elf knights
  4 sea snakes
  A hill giant (D:13)
  5 harpies
  17 deep elf magi
  A lindwurm (Lair:8)
  6 orb spiders
  9 wolf spiders
  A necromancer (Elf:1)
  3 cyclopes
  A faun (Shoals:1)
  2 orc sorcerers (Orc:2)
  3 water nymphs
  4 griffons
  4 manticores
  6 sirens
  An elephant (Lair:8)
  3 black mambas
  2 torpor snails
  6 spiny frogs
  3 komodo dragons
  A demonic crawler (Spider:3)
  14 jumping spiders
  19 merfolk
  A queen bee (D:9)
  2 trolls (Orc:2)
  2 two-headed ogres
  A giant leech (Lair:8)
  3 slime creatures
  4 blink frogs
  A removed MONS_TRAPDOOR_SPIDER (Spider:1)
  5 snapping turtles
  3 boulder beetles
  2 water elementals
  37 redbacks
  A vampire (D:11)
  9 tarantellas
  35 yaks
  8 basilisks
  A large abomination (Elf:1)
  A warg (Orc:2)
  2 hippogriffs (Lair:7)
  7 wolves
  5 water moccasins
  3 porcupines
  30 orc warriors
  A black bear (Lair:4)
  2 ogres (Orc:1)
  2 centaurs (D:12)
  9 crocodiles
  A big kobold (D:11)
  An elf zombie (Elf:1)
  2 giant frogs (Lair:5)
  A gnoll sergeant (D:12)
  A scorpion (D:10)
  20 killer bees
  A giant frog zombie (D:10)
  2 quasits (D:10)
  15 orc priests
  2 giant frog skeletons
  A jelly (Lair:5)
  An iguana (Lair:1)
  11 orc wizards
  A worker ant (D:10)
  8 sheep
  5 gnolls (D:12)
  18 river rats
  11 oozes (Lair:5)
  35 orcs
  8 kobolds
  2 fungi (Lair:5)
  5 plants
  3 tentacles (Shoals:2)
488 creatures vanquished.

Vanquished Creatures (others)
  2 wolf spiders (Spider:4)
  A jumping spider (Spider:4)
  26 fungi
  21 plants
  4 tentacles (Shoals:2)
  58 tentacle segments (Shoals:2)
112 creatures vanquished.

Grand Total: 1547 creatures vanquished

Notes
Turn   | Place    | Note
--------------------------------------------------------------
     0 | D:1      | nubinia the High Elf Air Elementalist began the quest for the Orb.
     0 | D:1      | Reached XP level 1. HP: 11/11 MP: 4/4
   244 | D:1      | Reached XP level 2. HP: 15/17 MP: 1/6
   296 | D:1      | Learned a level 2 spell: Repel Missiles
   299 | D:1      | Learned a level 2 spell: Swiftness
   848 | D:2      | Reached XP level 3. HP: 21/21 MP: 2/8
   982 | D:2      | Found a sacrificial altar of Ru.
  1563 | D:3      | Found a faded altar to an unknown god.
  1637 | D:3      | Reached XP level 4. HP: 27/27 MP: 5/9
  1678 | D:3      | Learned a level 3 spell: Static Discharge
  1778 | D:3      | Noticed Jessica
  1931 | D:3      | Killed Jessica
  1931 | D:3      | Reached XP level 5. HP: 31/31 MP: 5/11
  1937 | D:3      | Reached skill level 5 in Air Magic
  2189 | D:3      | Noticed Ijyb
  2189 | D:3      | Noticed an ogre
  2341 | D:3      | Noticed namelastname112's ghost (amateur DrFE)
  2445 | D:3      | Noticed Natasha
  2454 | D:3      | Killed Natasha
  2879 | D:3      | Found a glowing golden altar of the Shining One.
  3079 | D:3      | Noticed Natasha
  3081 | D:3      | Killed Natasha
  3114 | D:3      | Noticed Natasha
  3124 | D:3      | Killed Natasha
  3124 | D:3      | Reached XP level 6. HP: 25/36 MP: 4/13
  3291 | D:3      | Killed Ijyb
  3865 | D:4      | Found Cebaud's Armour Shoppe.
  4014 | D:4      | Found Paugisen's Book Boutique.
  4112 | D:4      | Noticed Robin
  4162 | D:4      | Killed Robin
  4260 | D:4      | Reached skill level 5 in Spellcasting
  4260 | D:4      | Reached XP level 7. HP: 42/42 MP: 8/15
  4641 | D:4      | Found Inoskin's Antique Weapon Boutique.
  5110 | D:5      | Entered Level 5 of the Dungeon
  5211 | D:5      | Noticed Duvessa
  5211 | D:5      | Noticed Dowan
  5435 | D:5      | Found a blossoming altar of Fedhas.
  5440 | D:5      | Noticed Edmund
  5482 | D:5      | Killed Edmund
  5482 | D:5      | Reached skill level 1 in Short Blades
  5755 | D:5      | Reached skill level 1 in Fighting
  5755 | D:5      | Reached XP level 8. HP: 46/48 MP: 8/18
  6088 | D:5      | Noticed Crazy Yiuf
  6108 | D:5      | Killed Crazy Yiuf
  6439 | D:6      | Noticed Eustachio
  6522 | D:6      | Noticed Grinder
  6562 | D:6      | Reached skill level 5 in Conjurations
  6679 | D:6      | Found a staircase to the Ecumenical Temple.
  6689 | Temple   | Entered the Ecumenical Temple
  6843 | Temple   | Became a worshipper of Vehumet
  8090 | D:7      | Got a bone quarterstaff
  8091 | D:7      | Identified the +6 quarterstaff "Onleg" {crush, MP+9 Dex+3} (You found it on level 7 of the Dungeon)
  8192 | D:7      | Reached * piety under Vehumet
  8192 | D:7      | Offered knowledge of Flame Tongue by Vehumet.
  8195 | D:7      | Learned a level 1 spell: Flame Tongue
  8201 | D:7      | Learned a level 5 spell: Lightning Bolt
  8348 | D:7      | Reached XP level 9. HP: 54/54 MP: 21/21
  8692 | D:5      | Killed Dowan
  8696 | D:5      | Killed Duvessa
  8973 | D:6      | Killed Eustachio
  9038 | D:6      | Killed Grinder
  9238 | D:7      | Found a deep blue altar of Sif Muna.
  9244 | D:7      | Found a burning altar of Makhleb.
  9486 | D:8      | Noticed Grum
  9518 | D:8      | Killed Grum
  9724 | D:8      | Learned a level 4 spell: Airstrike
  9729 | D:8      | Learned a level 4 spell: Summon Lightning Spire
  9836 | D:8      | Noticed Erica
 10042 | D:8      | Found a staircase to the Lair.
 10043 | D:8      | Noticed a komodo dragon
 10229 | D:8      | Noticed Psyche
 10235 | D:8      | Killed Psyche
 10235 | D:8      | Reached skill level 1 in Charms
 10318 | D:8      | Reached XP level 10. HP: 47/61 MP: 23/24
 10572 | Lair:1   | Entered Level 1 of the Lair of Beasts
 10572 | Lair:1   | Noticed a spiny frog
 10577 | Lair:1   | Killed a spiny frog
 10646 | Lair:1   | Reached skill level 10 in Air Magic
 10648 | Lair:1   | Reached skill level 10 in Spellcasting
 10740 | Lair:1   | Noticed a black mamba
 10751 | Lair:1   | Killed a black mamba
 10904 | Lair:1   | Offered knowledge of Magic Dart by Vehumet.
 10910 | Lair:1   | Learned a level 1 spell: Magic Dart
 10974 | Lair:1   | Noticed a five-headed hydra
 10977 | Lair:1   | Noticed a spiny frog
 10980 | Lair:1   | Killed a five-headed hydra
 10980 | Lair:1   | Reached ** piety under Vehumet
 10980 | Lair:1   | Reached skill level 11 in Spellcasting
 10985 | Lair:1   | Killed a spiny frog
 11022 | Lair:1   | Noticed a spiny frog
 11144 | Lair:1   | Killed a spiny frog
 11240 | Lair:1   | Reached XP level 11. HP: 65/65 MP: 26/27
 11873 | Lair:2   | Reached skill level 1 in Summonings
 12310 | Lair:2   | Learned a level 6 spell: Deflect Missiles
 12462 | Lair:2   | Offered knowledge of Throw Flame by Vehumet.
 12462 | Lair:2   | Reached skill level 12 in Spellcasting
 12815 | Lair:2   | Reached *** piety under Vehumet
 12816 | Lair:2   | Noticed a griffon
 12825 | Lair:2   | Killed a griffon
 14014 | Lair:3   | Reached skill level 5 in Charms
 14272 | Lair:3   | Noticed a five-headed hydra
 14279 | Lair:3   | Killed a five-headed hydra
 14438 | Lair:3   | Offered knowledge of Stone Arrow by Vehumet.
 15084 | Lair:4   | Reached skill level 13 in Spellcasting
 15101 | Lair:4   | Reached XP level 12. HP: 68/72 MP: 28/30
 15412 | Lair:4   | Found a hole to the Spider Nest.
 15903 | Lair:5   | Reached **** piety under Vehumet
 16026 | Lair:5   | Noticed a five-headed hydra
 16033 | Lair:5   | Killed a five-headed hydra
 16033 | Lair:5   | Offered knowledge of Bolt of Magma by Vehumet.
 16276 | Lair:5   | Found a staircase to the Shoals.
 16530 | Lair:5   | Noticed a death yak
 16530 | Lair:5   | Noticed a death yak
 16533 | Lair:5   | Noticed a death yak
 16534 | Lair:5   | Noticed a death yak
 16535 | Lair:5   | Noticed a death yak
 16540 | Lair:5   | Killed a death yak
 16541 | Lair:5   | Killed a death yak
 16541 | Lair:5   | Killed a death yak
 16549 | Lair:5   | Killed a death yak
 16550 | Lair:5   | Killed a death yak
 16638 | Lair:5   | Noticed Maud
 16661 | Lair:5   | Killed Maud
 16678 | Lair:5   | Reached skill level 5 in Dodging
 16982 | Lair:5   | Reached skill level 5 in Stealth
 16988 | Lair:5   | Reached skill level 14 in Spellcasting
 17212 | Lair:6   | Reached ***** piety under Vehumet
 17213 | Lair:6   | Offered knowledge of Fireball by Vehumet.
 17224 | Lair:6   | Learned a level 5 spell: Fireball
 17901 | Lair:6   | Reached skill level 1 in Staves
 18280 | Lair:6   | Noticed a seven-headed hydra
 18285 | Lair:6   | Killed a seven-headed hydra
 18547 | Lair:6   | Noticed a five-headed hydra
 18554 | Lair:6   | Killed a five-headed hydra
 18659 | Lair:6   | Reached XP level 13. HP: 76/76 MP: 32/32
 20118 | Lair:7   | Reached skill level 15 in Air Magic
 20299 | Lair:8   | Entered Level 8 of the Lair of Beasts
 20303 | Lair:8   | Reached skill level 15 in Spellcasting
 21119 | Lair:8   | Offered knowledge of Iron Shot by Vehumet.
 21968 | Lair:8   | Reached skill level 10 in Conjurations
 23021 | D:9      | Got an encrusted ring mail
 23433 | D:9      | Gained mutation: You have large cloven feet. [mutagenic meat]
 23831 | D:9      | Reached XP level 14. HP: 81/81 MP: 25/34
 24065 | D:9      | Found a staircase to the Orcish Mines.
 24161 | D:9      | Identified the cursed +0 ring mail "Qasi" {rElec} (You found it on level 9 of the Dungeon)
 24302 | Orc:1    | Entered Level 1 of the Orcish Mines
 24608 | Orc:2    | Entered Level 2 of the Orcish Mines
 24608 | Orc:2    | Found a staircase to the Elven Halls.
 24608 | Orc:2    | Found Hubaniess's Book Emporium.
 24608 | Orc:2    | Noticed M4edhros's ghost (adept OpAr)
 24617 | Orc:2    | Killed M4edhros's ghost
 24621 | Orc:2    | Noticed a stone giant
 24752 | Orc:2    | Found Boxair's Jewellery Emporium.
 24878 | Orc:2    | Found Zarot's Gadget Shop.
 25164 | Orc:2    | Noticed an orc warlord
 25193 | Orc:2    | Killed an orc warlord
 25383 | Orc:2    | Found Otiat's Antique Armour Boutique.
 25404 | Orc:1    | Offered knowledge of Freezing Cloud by Vehumet.
 25415 | Orc:1    | Learned a level 6 spell: Freezing Cloud
 25615 | Orc:2    | Bought a pair of runed gloves for 180 gold pieces
 26273 | Orc:2    | Noticed an orc warlord
 26292 | Orc:2    | Killed an orc warlord
 26427 | Orc:2    | Killed a stone giant
 27037 | Orc:2    | Found a roughly hewn altar of Beogh.
 27053 | Orc:2    | Found Zagu's General Store.
 27085 | Orc:2    | Found a roughly hewn altar of Beogh.
 27251 | Orc:2    | Found a roughly hewn altar of Beogh.
 27354 | Orc:2    | Found Lyloj's Antique Weapon Boutique.
 27356 | Orc:2    | Found a roughly hewn altar of Beogh.
 27356 | Orc:2    | Found Oloovuod's Antique Armour Shop.
 27440 | Orc:2    | Found a bloodstained altar of Trog.
 27447 | Orc:2    | Found a roughly hewn altar of Beogh.
 27448 | Orc:2    | Found Tuos's Armour Shoppe.
 27506 | Orc:2    | Found a roughly hewn altar of Beogh.
 27565 | Orc:2    | Found Keiss's Book Shop.
 27606 | Orc:2    | Bought a book of Cantrips for 300 gold pieces
 27608 | Orc:2    | Learned a level 1 spell: Apportation
 27610 | Orc:2    | Learned a level 1 spell: Animate Skeleton
 27689 | Orc:2    | Identified the Grimoire of Retrieval (You found it on level 2 of the Orcish Mines)
 27701 | Orc:2    | Offered knowledge of Spellforged Servitor by Vehumet.
 27816 | Orc:2    | Upgraded the game from 0.18-a0-1014-g3bbf375 to 0.18-a0-1024-gf1736fb
 27866 | Orc:2    | Learned a level 7 spell: Spellforged Servitor
 27866 | Orc:2    | Bought the ring "Walaig" {+Fly rElec rC+ Str+4} for 515 gold pieces
 27866 | Orc:2    | Bought a +6 ring of protection for 858 gold pieces
 28029 | Shoals:1 | Entered Level 1 of the Shoals
 28593 | Shoals:1 | Reached skill level 17 in Spellcasting
 29168 | Shoals:2 | Upgraded the game from 0.18-a0-1024-gf1736fb to 0.18-a0-1027-g814d7dd
 29350 | Shoals:2 | Noticed a kraken
 29360 | Shoals:2 | Killed a kraken
 30327 | Elf:1    | Entered Level 1 of the Elven Halls
 30522 | Elf:1    | Identified the Reference Book on Stolen Souls (You found it on level 1 of the Elven Halls)
 30577 | Elf:1    | Noticed Agnes
 30623 | Elf:1    | Killed Agnes
 30925 | Elf:1    | Reached XP level 15. HP: 87/87 MP: 30/37
 31992 | Elf:1    | Reached skill level 18 in Spellcasting
 32136 | Elf:2    | Offered knowledge of Poison Arrow by Vehumet.
 32197 | Elf:2    | Found a runed gate.
 32199 | Elf:2    | Found a runed gate.
 32485 | Elf:2    | Found a runed gate.
 32543 | Elf:2    | Reached skill level 5 in Summonings
 33209 | Elf:2    | Reached skill level 1 in Necromancy
 33495 | Elf:2    | Noticed a deep elf blademaster
 33760 | Elf:2    | Reached skill level 19 in Spellcasting
 34025 | Elf:2    | Reached XP level 16. HP: 92/92 MP: 27/40
 34301 | Elf:3    | Entered Level 3 of the Elven Halls
 34315 | Elf:3    | Reached skill level 1 in Bows
 35498 | Elf:3    | Noticed a Hell Sentinel
 35576 | Elf:3    | Gained mutation: Armour fits poorly on your strangely shaped body. [mutagenic meat]
 35577 | Elf:3    | Gained mutation: Your spells are a little easier to cast, but a little less powerful. [mutagenic meat]
 35579 | Elf:3    | Lost mutation: Your spells are a little easier to cast, but a little less powerful. [potion of cure mutation]
 35579 | Elf:3    | Lost mutation: You have large cloven feet. [potion of cure mutation]
 35579 | Elf:3    | Lost mutation: Armour fits poorly on your strangely shaped body. [potion of cure mutation]
 35651 | Elf:3    | Gained mutation: You have sharp toenails. [mutagenic meat]
 35652 | Elf:3    | Gained mutation: Your system is resistant to poisons. [mutagenic meat]
 35653 | Elf:3    | Gained mutation: You are partially covered in rough black scales (AC +4, Dex -1). [potion of beneficial mutation]
 35654 | Elf:3    | Gained mutation: Your muscles are strong. (Str +2) [potion of beneficial mutation]
 35855 | Elf:3    | Got a brightly glowing war axe {elec}
 35856 | Elf:3    | Identified the cursed +3 war axe "Giqemebu" {elec, rF- MR+ Dex+4} (You took it off a deep elf annihilator on level 3 of the Elven Halls)
 36000 | Elf:3    | Reached skill level 1 in Ice Magic
 36003 | Elf:3    | Offered knowledge of Poisonous Cloud by Vehumet.
 36262 | Elf:3    | Noticed a deep elf blademaster
 36268 | Elf:3    | Killed a deep elf blademaster
 36291 | Elf:3    | Reached skill level 20 in Spellcasting
 36376 | Elf:3    | Noticed a Shadow Fiend
 36906 | Elf:3    | Noticed a deep elf master archer
 36912 | Elf:3    | Killed a deep elf master archer
 37150 | Elf:3    | Noticed a deep elf blademaster
 37150 | Elf:3    | Noticed a deep elf master archer
 37376 | Elf:3    | Killed a deep elf master archer
 37385 | Elf:3    | Got a scintillating marble ring
 37386 | Elf:3    | Identified the ring "Lyaruita" {+/*Tele rPois Int+7 SInv Stlth-} (You found it on level 3 of the Elven Halls)
 37399 | Elf:3    | Got a brightly glowing sapphire amulet
 37400 | Elf:3    | Identified the amulet of the Gloaming {Inacc rN+ Int-4 SInv} (You found it on level 3 of the Elven Halls)
 37750 | Orc:2    | Bought an embroidered cloak for 153 gold pieces
 37750 | Orc:2    | Bought a shimmering leather armour for 238 gold pieces
 37755 | Orc:2    | Identified the cursed +1 leather armour of Bifikhy {rN+ Dex+7} (You bought it in a shop on level 2 of the Orcish Mines)
 37979 | Spider:1 | Entered Level 1 of the Spider Nest
 38038 | Spider:1 | Noticed Nikola
 38059 | Spider:1 | Killed Nikola
 38691 | Spider:1 | Reached XP level 17. HP: 98/98 MP: 40/42
 38697 | Spider:1 | Noticed Roxanne
 38747 | Spider:1 | Killed Roxanne
 39024 | Lair:4   | Upgraded the game from 0.18-a0-1027-g814d7dd to 0.18-a0-1109-gfc003ac
 39154 | Spider:1 | Identified Roxanne's Almanac of Shifting Stones (You took it off Roxanne on level 1 of the Spider Nest)
 40341 | Spider:2 | Reached skill level 1 in Armour
 40527 | Spider:2 | Learned a level 1 spell: Apportation
 40529 | Spider:2 | Learned a level 1 spell: Summon Butterflies
 41896 | Spider:3 | Offered knowledge of Ozocubu's Refrigeration by Vehumet.
 42058 | Spider:4 | Entered Level 4 of the Spider Nest
 42449 | Spider:4 | Reached skill level 21 in Spellcasting
 43713 | Spider:4 | Reached ****** piety under Vehumet
 45617 | Spider:4 | Got a gossamer rune of Zot
 47428 | Shoals:3 | Reached XP level 18. HP: 52/104 MP: 22/44
 47623 | Shoals:4 | Entered Level 4 of the Shoals
 47623 | Shoals:4 | Noticed Ilsuiw
 47623 | Shoals:4 | Noticed Daviar's ghost (adept VSMo)
 47943 | Shoals:4 | Noticed braks's ghost (adept FoAK)
 48225 | Shoals:4 | Learned a level 6 spell: Bolt of Fire
 48233 | Shoals:4 | Learned a level 7 spell: Delayed Fireball
 48263 | Shoals:4 | Offered knowledge of Fire Storm by Vehumet.
 48263 | Shoals:4 | Offered knowledge of Shatter by Vehumet.
 48263 | Shoals:4 | Offered knowledge of Chain Lightning by Vehumet.
 48279 | Shoals:4 | Reached skill level 1 in Fire Magic
 48337 | Shoals:4 | Got a barnacled rune of Zot
 48567 | Shoals:4 | Killed Ilsuiw
 48588 | Shoals:4 | Reached skill level 22 in Spellcasting
 48910 | Shoals:4 | Killed braks's ghost
 49139 | Shoals:4 | Killed Daviar's ghost
 49696 | D:10     | Entered Level 10 of the Dungeon
 50510 | D:10     | Upgraded the game from 0.18-a0-1109-gfc003ac to 0.18-a0-1354-gbc5753f
 51277 | D:11     | Upgraded the game from 0.18-a0-1354-gbc5753f to 0.18-a0-1542-g9c1a92e
 54260 | D:13     | Got an ebony short sword {venom}
 54261 | D:13     | Identified the +8 short sword of Contention {venom, MR+} (You took it off an orc on level 13 of the Dungeon)
 54262 | D:13     | Upgraded the game from 0.18-a0-1542-g9c1a92e to 0.18-a0-1570-gf60b0ab
 54262 | D:13     | Quit the game

Vault maps used:
D:1:      dpeg_arrival_three_same_balls, hangedman_decor_growths,
          minmay_misc_feat_pillars
D:2:      nicolae_ru_the_path_less_chosen
D:3:      tso_oasis_becter, ecumenical_altar_1, uniq_natasha, uniq_jessica,
          uniq_iyjb
D:4:      serial_shops, nicolae_shop_statue_plus, nicolae_shop_statue_plus,
          kennysheep_little_box, uniq_robin
D:5:      fedhas_altar_2, first_bread, uniq_edmund, uniq_duvessa,
          uniq_crazy_yiuf_cottage
D:6:      minmay_temple_entry_glassed_door, uniq_eustachio, uniq_grinder
D:7:      amethyst_overflow_temple_binary
D:8:      david_lair_shrubbed, uniq_grum, uniq_psyche, uniq_erica
D:9:      david_orc_1_choice, special_room
D:11:     hangedman_stone_soup
D:12:     hangedman_devilish_allure
D:13:     minmay_radiant
D:14:     david_vaults_4, serial_park_square3, grunt_ministairs_9,
          grunt_dithmenos_shadows
Temple:   nicolae_temple_elliptical
Lair:1:   grunt_megastairs_2, infiniplex_staircase_pool
Lair:2:   st_stairs_5, serial_bayou_shore_a
Lair:4:   spider_nest_entry_rubble, grunt_forest_large_clearings
Lair:5:   lemuel_slime, elwin_shoals_entry_rocks, hibernation_bobbens, uniq_maud
Lair:6:   minmay_slime_entry_oklob_enclosed
Lair:7:   st_stairs_12
Lair:8:   hangedman_lair_in_review, kennysheep_basilisk_garden,
          serial_bayou_shore_b
Shoals:1: overgrown_hall
Shoals:4: shoals_end_hangedman, shoals_ilsuiw_ice
Spider:1: uniq_roxanne, uniq_nikola
Spider:2: spiders_nest_wasp_nest
Spider:4: spider_rune_water
Orc:2:    grunt_orc_community_town_hall, grunt_orc_community_big_house_1,
          grunt_orc_community_big_house_2, grunt_orc_community_house_1,
          grunt_orc_community_house_3, grunt_orc_community_house_1,
          grunt_orc_community_house_2, grunt_orc_community_house_3,
          serial_shops, shop, nicolae_shop_trees, nicolae_shop_statue_plus,
          shop, shop, trog_book
Elf:1:    minmay_elf_necromancy, minivault_20, uniq_agnes
Elf:2:    patterned_corridor
Elf:3:    elf_hall_gauntlet_wide

Skill      XL: |  1  2  3  4  5  6  7  8  9 10 11 12 13 14 15 16 17 18 |
---------------+-------------------------------------------------------+-----
Air Magic      | 4 5 6 7 9 10 16 | 20.4
Spellcasting   | 5 11 13 14 15 17 19 20 21 22 | 22.4
Short Blades   | 1 2 |  2.0
Fighting       | 1 |  3.4
Conjurations   | 5 10 14 | 14.1
Charms         | 1 5 |  7.0
Summonings     | 1 5 |  7.5
Dodging        | 5 |  7.5
Stealth        | 5 |  5.1
Staves         | 1 |  1.0
Necromancy     | 1 |  1.9
Bows           | 1 2 |  2.4
Ice Magic      | 1 |  1.8
Armour         | 1 |  2.1
Fire Magic     | 4 |  4.2
Maces & Flails | |  0.8
Throwing       | |  0.2
Evocations     | |  0.2

Action                   |  1- 3 |  4- 6 |  7- 9 | 10-12 | 13-15 | 16-18 || total
-------------------------+-------+-------+-------+-------+-------+-------++-------
Melee: Short sword       |     6 |    11 |       |       |       |       ||    17
       Dagger            |       |     4 |    70 |       |    26 |   112 ||   212
       Quarterstaff      |       |       |     4 |    41 |     8 |    52 ||   105
       Flail             |       |       |       |    19 |    49 |    87 ||   155
       Shortbow          |       |       |       |       |       |     1 ||     1
 Fire: Blowgun           |       |       |       |       |     1 |       ||     1
       Shortbow          |       |       |       |       |    15 |   198 ||   213
 Cast: Shock             |    64 |   125 |   215 |   479 |   750 |   489 ||  2122
       Repel Missiles    |     1 |       |       |       |       |       ||     1
       Static Discharge  |       |     4 |    39 |    32 |    11 |    23 ||   109
       Swiftness         |       |     1 |     1 |       |     3 |     4 ||     9
       Airstrike         |       |       |     5 |    54 |   288 |   754 ||  1101
       Lightning Bolt    |       |       |     5 |    16 |    13 |     4 ||    38
       Summon Lightning  |       |       |       |    62 |   158 |   174 ||   394
       Magic Dart        |       |       |       |     6 |     1 |       ||     7
       Deflect Missiles  |       |       |       |     1 |     1 |     2 ||     4
       Fireball          |       |       |       |       |    13 |     6 ||    19
       Animate Skeleton  |       |       |       |       |    50 |    95 ||   145
       Freezing Cloud    |       |       |       |       |    18 |    61 ||    79
       Spellforged Servi |       |       |       |       |     1 |    26 ||    27
       Flame Tongue      |       |       |       |       |     1 |     3 ||     4
       Apportation       |       |       |       |       |     1 |       ||     1
       Delayed Fireball  |       |       |       |       |       |     1 ||     1
 Abil: Evoke Flight      |       |       |       |       |     2 |       ||     2
Evoke: Wand              |       |       |       |       |     5 |    15 ||    20
  Use: Potion            |     1 |     2 |       |     1 |     4 |     7 ||    15
       Scroll            |     3 |     1 |     6 |    12 |    14 |    15 ||    51
 Stab: Sleeping          |       |     2 |     2 |     2 |     3 |     9 ||    18
       Distracted        |       |       |       |     1 |       |     4 ||     5
  Eat: Chunk             |     2 |     9 |    12 |    21 |    50 |    50 ||   144
       Beef jerky        |       |       |     2 |       |       |     1 ||     3
       Meat ration       |       |       |     1 |     1 |       |     2 ||     4
       Fruit             |       |       |       |     2 |       |       ||     2
       Royal jelly       |       |       |       |       |     1 |       ||     1
       Bread ration      |       |       |       |       |       |     3 ||     3
       Pizza             |       |       |       |       |       |     1 ||     1
